 Dungeon Crawl Stone Soup version 0.17-a0-1798-g879a7aa (webtiles) character file.

1802 Mattgible the Shield-Bearer (level 8, -4/66 HPs)
             Began as a Demigod Transmuter on Sept 10, 2015.
             Killed from afar by an electric eel (8 damage)
             ... with a bolt of electricity
             ... on level 6 of the Dungeon on Sept 11, 2015.
             The game lasted 01:02:54 (6018 turns).

Mattgible the Shield-Bearer (Demigod Transmuter)    Turns: 6018, Time: 01:02:54

Health: -4/66      AC: 21    Str: 15    XL:     8   Next: 53%
Magic:  14/14      EV:  9    Int: 19    God:
Gold:   228        SH:  0    Dex: 16    Spells: 2 memorised, 8 levels left

rFire  . . .     SeeInvis .     l - +2 quarterstaff (chaos)
rCold  . . .     Clarity  .     a - +1 plate armour
rNeg   . . .     SustAt   +     (no shield)
rPois  .         Gourm    .     (no helmet)
rElec  .         Spirit   .     B - +1 cloak {MR+}
rCorr  .         Warding  .     (no gloves)
rMut   .         Stasis   .     t - +0 pair of boots
MR     +....                    j - amulet of regeneration
Stlth  ..........               s - +3 ring of evasion
                                h - +5 ring of protection

@: somewhat resistant to hostile enchantments, extremely unstealthy
A: high mp 1, sustain attributes
a: no special abilities


You were on level 6 of the Dungeon.
You were not hungry.

You visited 1 branch of the dungeon, and saw 6 of its levels.

You collected 228 gold pieces.

Inventory:

Hand weapons
 l - a +2 quarterstaff of chaos (weapon)
 z - a +0 hunting sling
 J - a +4 flail of distortion
Missiles
 b - 4 sling bullets of flame
 f - 43 arrows
 u - 49 sling bullets
 w - 3 curare-tipped needles (quivered)
Armour
 a - a +1 plate armour (worn)
 t - a +0 pair of boots (worn)
 A - a +0 shield
 B - a +1 cloak of magic resistance (worn)
Jewellery
 h - a +5 ring of protection (left hand)
 j - an amulet of regeneration (around neck)
 s - a +3 ring of evasion (right hand)
 y - an uncursed ring of protection from cold
Scrolls
 e - a scroll of fear
 i - 4 scrolls of enchant weapon
 o - 2 scrolls of remove curse
 p - a scroll of blinking
 C - 2 scrolls of recharging
 D - a scroll of fog
 E - a scroll of noise
 G - 4 scrolls of enchant armour
Potions
 k - a potion of cure mutation
 m - 3 potions of brilliance
 n - a potion of flight
 q - a potion of might
 x - a potion of invisibility
 F - 2 potions of berserk rage
 I - a potion of resistance {unknown}
Books
 c - a book of Changes

   Spells                             Type                      Level
   a - Beastly Appendage              Transmutation                1
   b - Sticks to Snakes               Transmutation                2
   c - Spider Form                    Transmutation/Poison         3
   d - Ice Form                       Ice/Transmutation            4
   e - Blade Hands                    Transmutation                5
Comestibles
 d - 3 bread rations
 g - 3 beef jerkies
 r - 8 fruits


   Skills:
 + Level 3.6 Fighting
   Level 2.7 Short Blades
 + Level 3.4 Maces & Flails
 + Level 4.7 Armour
 + Level 3.8 Dodging
 + Level 0.6 Stealth
 + Level 5.1 Shields
 + Level 3.1 Unarmed Combat
 + Level 2.0 Spellcasting
 + Level 2.0 Transmutations
   Level 0.1 Evocations


You had 8 spell levels left.
You knew the following spells:

 Your Spells              Type           Power        Failure   Level  Hunger
a - Beastly Appendage     Trmt           #.....       100%        1    #......
b - Sticks to Snakes      Trmt           #.........   100%        2    ###....


Dungeon Overview and Level Annotations

Branches:
Dungeon (6/15)             Temple (0/1) D:6


Innate Abilities, Weirdness & Mutations

You have an increased reservoir of magic (+10% MP).
Your attributes are resistant to harm.


Message History

An electric eel comes into view.
The electric eel shoots out a bolt of lightning at you!
The bolt of electricity hits you! x2
The electric eel shoots out a bolt of lightning at you!
The bolt of electricity hits you!
The electric eel shoots out a bolt of lightning at you!
The bolt of electricity hits you!
The electric eel shoots out a bolt of lightning at you!
The bolt of electricity hits you!
* * * LOW HITPOINT WARNING * * *
The bolt of electricity hits you!
* * * LOW HITPOINT WARNING * * *
The bolt of electricity hits the electric eel.
The electric eel completely resists.
The electric eel shoots out a bolt of lightning at you!
The bolt of electricity hits you!
* * * LOW HITPOINT WARNING * * *
The electric eel shoots out a bolt of lightning at you!
The bolt of electricity hits you!
You die...

#..≈≈≈≈.≈≈≈≈≈.
#..≈≈≈≈.≈≈≈≈≈.#
#..≈≈≈≈.≈≈≈≈≈..
#..;≈≈≈........
#........≈≈≈≈..
#[$≈≈≈≈≈.≈≈≈≈..
#..≈≈≈≈≈.≈≈≈≈..####
#..;≈≈≈≈.≈≈≈≈......
#.@≈≈≈≈≈.≈≈≈≈..##†#
#.............###.#
#.#.####.###...##.#
#...# #.## ##......
###.# #.# #...####
#.# #.#... ## #.#
#.#######. #.#
#......... #.#
#..######.


You could see 2 electric eels.

Vanquished Creatures
  Grinder (D:5)
  Eustachio (D:5)
  2 water moccasins (D:6)
  The ghost of Zulasha the Sneak, an average SpEn of Dithmenos (D:4)
  An ice beast (D:6)
  2 centaurs (D:6)
  An ogre (D:5)
  A phantom (D:6)
  2 crimson imps (D:6)
  4 orc wizards
  A hound (D:4)
  Crazy Yiuf (D:5)
  A centaur skeleton (D:4)
  An orc priest (D:4)
  An iguana (D:6)
  4 worker ants
  A worker ant zombie (D:6)
  8 adders
  6 gnolls
  An ooze (D:1)
  2 adder zombies
  4 worms
  3 giant geckos
  17 orcs
  8 bats
  12 hobgoblins
  2 jackals (D:3)
  10 kobolds
  2 ball pythons
  8 giant cockroaches
  A giant gecko skeleton (D:3)
  A giant newt (D:6)
  8 goblins
  5 quokkas
  7 rats
131 creatures vanquished.

Vanquished Creatures (others)
  An iguana (D:5)
  5 sheep (D:5)
  A worker ant zombie (D:6)
7 creatures vanquished.

Grand Total: 138 creatures vanquished

Notes
Turn   | Place    | Note
--------------------------------------------------------------
     0 | D:1      | Mattgible the Demigod Transmuter began the quest for the Orb.
     0 | D:1      | Reached XP level 1. HP: 15/15 MP: 5/5
   470 | D:1      | Reached skill level 1 in Fighting
   498 | D:1      | Found a shattered altar of Ashenzari.
   517 | D:1      | Reached skill level 3 in Unarmed Combat
   580 | D:1      | Reached XP level 2. HP: 23/23 MP: 7/7
   584 | D:1      | Learned a level 2 spell: Sticks to Snakes
  1170 | D:2      | Reached XP level 3. HP: 19/28 MP: 8/8
  1749 | D:2      | Reached skill level 1 in Armour
  1749 | D:2      | Reached XP level 4. HP: 33/35 MP: 9/9
  2391 | D:3      | Reached skill level 1 in Short Blades
  3322 | D:4      | Noticed Zulasha's ghost (average SpEn)
  3335 | D:4      | Reached XP level 5. HP: 18/41 MP: 10/10
  3398 | D:4      | Killed Zulasha's ghost
  3398 | D:4      | Reached skill level 1 in Shields
  3398 | D:4      | Reached XP level 6. HP: 42/48 MP: 11/11
  4080 | D:5      | Entered Level 5 of the Dungeon
  4163 | D:5      | Noticed Grinder
  4165 | D:5      | Noticed Eustachio
  4267 | D:5      | Killed Eustachio
  4267 | D:5      | Reached skill level 1 in Maces & Flails
  4267 | D:5      | Reached XP level 7. HP: 54/56 MP: 13/13
  4344 | D:5      | Paralysed by Grinder for 2 turns
  4351 | D:5      | Paralysed by Grinder for 2 turns
  4355 | D:5      | Killed Grinder
  4490 | D:5      | Noticed Crazy Yiuf
  4525 | D:5      | Found a shadowy altar of Dithmenos.
  4553 | D:5      | Killed Crazy Yiuf
  4686 | D:5      | Got a bronze chain mail
  4968 | D:5      | Reached skill level 4 in Shields
  5101 | D:5      | Found a shimmering altar of Xom.
  5247 | D:6      | Found a sacrificial altar of Ru.
  5385 | D:6      | Reached XP level 8. HP: 47/63 MP: 14/14
  5551 | D:6      | HP: 2/63 [electric eel/bolt of electricity (7)]
  5557 | D:6      | HP: 3/63 [poisoned by a water moccasin]
  5684 | D:6      | Found an iron altar of Okawaru.
  5752 | D:6      | Found a staircase to the Ecumenical Temple.
  5824 | D:6      | Reached skill level 5 in Shields
  5837 | D:6      | Found an opulent altar of Gozag.
  5884 | D:6      | Found a bloodstained altar of Trog.
  6018 | D:6      | Killed from afar by an electric eel

Vault maps used:
D:1:      dpeg_arrival_chambers_temple_mockup, minmay_misc_feat_pillars,
          evilmike_ruin_ashenzari
D:2:      first_bread
D:3:      wad_river_or_something
D:4:      minivault_26
D:5:      kb_xom_exploding_sheep, basic_altar, uniq_crazy_yiuf_cottage,
          uniq_grinder, uniq_eustachio
D:6:      yredelemnul_forgotten_temple_becter,
          nicolae_overflow_quartered_altars, temple_pool_b, minivault_14,
          nicolae_ru_sacrificial_ziggurat, uniq_sigmund, uniq_pikel,
          uniq_prince_ribbit1

Action                   |  1- 3 |  4- 6 |  7- 9 || total
-------------------------+-------+-------+-------++-------
Melee: Short sword       |   204 |    82 |       ||   286
       Unarmed           |     2 |       |       ||     2
       Rapier            |       |   309 |       ||   309
       Flail             |       |    90 |   146 ||   236
Throw: Stone             |     1 |       |       ||     1
Evoke: Wand              |       |     3 |       ||     3
  Use: Scroll            |     2 |    13 |     6 ||    21
       Potion            |       |     2 |     3 ||     5
  Eat: Bread ration      |     1 |     1 |       ||     2
       Chunk             |     1 |       |     2 ||     3
       Meat ration       |       |     1 |     1 ||     2
       Pizza             |       |       |     1 ||     1
